 Dungeon Crawl Stone Soup version 0.20.1-1-g8b1a95d (webtiles) character file.

544 drawsstuff the Chopper (level 7, -4/61 HPs)
             Began as a Minotaur Berserker on Nov 5, 2017.
             Was a Priest of Trog.
             Shot with an arrow by a centaur (13 damage)
             ... on level 5 of the Dungeon.
             The game lasted 00:37:11 (4260 turns).

drawsstuff the Chopper (Minotaur Berserker)         Turns: 4260, Time: 00:37:12

Health: -4/61      AC:  7    Str: 22      XL:     7   Next: 6%
Magic:  6/6        EV: 13    Int:  4      God:    Trog [***...]
Gold:   238        SH:  0    Dex: 10 (11) Spells: 6/6 levels left

rFire    . . .     SeeInvis .   r - +1 hand axe (elec)
rCold    . . .     Gourm    .   (no shield)
rNeg     . . .     Faith    .   x - +2 leather armour {MR+}
rPois    .         Spirit   .   f - +2 hat {MR+}
rElec    .         Reflect  .   (no cloak)
rCorr    .         Harm     .   (no gloves)
MR       ++...                  (no boots)
Stlth    +.........             (no amulet)
Regen    0.2/turn               (no ring)
MPRegen  0.1/turn               (no ring)

@: berserk cooldown, slowed, very slow
A: retaliatory headbutt, horns 2
a: Berserk, Trog's Hand, Burn Spellbooks, Renounce Religion


You were on level 5 of the Dungeon.
You worshipped Trog.
Trog was most pleased with you.
You were not hungry.

You visited 1 branch of the dungeon, and saw 5 of its levels.

You collected 238 gold pieces.

Inventory:

Hand Weapons
 r - a +1 hand axe of electrocution (weapon)
Missiles
 a - 4 javelins (quivered)
Armour
 f - a +2 hat of magic resistance (worn)
 x - a +2 leather armour of magic resistance (worn)
Jewellery
 c - an uncursed ring of fire
Scrolls
 d - a scroll of recharging {unknown}
 e - a scroll of fog {unknown}
 h - a scroll of remove curse
 j - a scroll of magic mapping {unknown}
 m - a scroll of amnesia {unknown}
 q - a scroll of random uselessness {unknown}
 s - a scroll of teleportation {unknown}
 t - a scroll of fear {unknown}
 u - a scroll of immolation {unknown}
Potions
 b - a potion of curing {unknown}
 g - 3 potions of flight
 l - a potion of haste {unknown}
 p - 3 potions of might
 v - a potion of heal wounds {unknown}
 w - a potion of ambrosia
Comestibles
 k - a meat ration
 o - 2 bread rations


   Skills:
 + Level 5.3 Fighting
 * Level 6.7 Axes
 + Level 4.6 Armour
 + Level 4.1 Dodging


You had 6 spell levels left.
You didn't know any spells.

Dungeon Overview and Level Annotations

Branches:
Dungeon (5/15)
 Temple: D:4-7

Altars:
Zin

Shops:
D:4 (


Innate Abilities, Weirdness & Mutations

You reflexively headbutt those who attack you in melee.
You have a pair of horns on your head.


Message History

You see here an arrow.
The centaur shoots an arrow.
The arrow hits you but does no damage.
You see here an arrow.
The centaur shoots an arrow.
The arrow hits you.
The centaur shoots an arrow.
The arrow closely misses you.
You see here 2 arrows.
The centaur shoots an arrow.
The arrow hits you!
The centaur shoots an arrow.
The arrow hits you!
You see here 3 arrows.
The centaur shoots an arrow.
The arrow hits you!
* * * LOW HITPOINT WARNING * * *
You see here an arrow.
The centaur shoots an arrow.
The arrow hits you.
* * * LOW HITPOINT WARNING * * *
You see here an arrow.
The centaur shoots an arrow.
The arrow hits you.
* * * LOW HITPOINT WARNING * * *
You see here an arrow.
The centaur shoots an arrow.
The arrow hits you!
You die...

#.#####.#.#######
####.....#.#.......#
#....###.#......#.## #######
#.#......#.#.#..#.# #.....#
#####.#.###..#.#.#..#.# #.###.#
#............#.#.#.##.# #.#....
#............#.#.#....#####.#.#.#
#............#.#............#.###
................@(............###
######..........#(##########..#..
.................c((......##..#..
######........(w#(###.###.#...#..
#..........(.........#.#....
#..........#####.##..#.####.
#..........#...........#....
#..........#.######.#..#.###
#..........#.# #.#..#.#


You could see a centaur and a worm.

Vanquished Creatures
  An ogre (D:4)
  A bullfrog (D:4)
  A scorpion (D:4)
  A crimson imp (D:5)
  A quasit (D:5)
  A jelly (D:5)
  2 worker ants (D:4)
  A hound zombie (D:5)
  9 adders
  A shadow imp (D:5)
  An ooze (D:3)
  An adder zombie (D:5)
  A worm (D:2)
  An adder skeleton (D:4)
  5 dart slugs
  2 leopard geckos (D:3)
  6 orcs
  3 giant cockroaches
  8 goblins
  7 hobgoblins
  3 jackals (D:2)
  A quokka (D:3)
  A ball python (D:3)
  6 bats
  3 frilled lizards
  7 kobolds
  9 rats
84 creatures vanquished.

Notes
Turn   | Place    | Note
-------+----------+-------------------------------------------
     0 | D:1      | drawsstuff the Minotaur Berserker began the quest for the Orb.
     0 | D:1      | Reached XP level 1. HP: 19/19 MP: 0/0
   322 | D:1      | Reached XP level 2. HP: 23/27 MP: 1/1
   647 | D:1      | Reached skill level 4 in Axes
   922 | D:2      | Reached XP level 3. HP: 30/33 MP: 2/2
  1227 | D:2      | Reached ** piety under Trog
  1348 | D:2      | Reached XP level 4. HP: 40/40 MP: 3/3
  1881 | D:2      | Found a glowing silver altar of Zin.
  2409 | D:3      | Reached skill level 5 in Axes
  2621 | D:3      | Reached XP level 5. HP: 43/47 MP: 4/4
  3005 | D:4      | Noticed an ogre
  3230 | D:4      | Found Laatih's Antique Weapon Boutique.
  3437 | D:4      | Reached XP level 6. HP: 55/55 MP: 5/5
  3474 | D:4      | Reached skill level 5 in Fighting
  3474 | D:4      | Reached skill level 6 in Axes
  3774 | D:4      | Reached *** piety under Trog
  3916 | D:5      | Entered Level 5 of the Dungeon
  4043 | D:5      | Reached XP level 7. HP: 47/61 MP: 6/6
  4260 | D:5      | Shot with an arrow by a centaur

Skill      XL: |  1  2  3  4  5  6 |
---------------+-------------------+-----
Axes           | 4 5 6 |  6.7
Armour         | 3 4 |  4.6
Fighting       | 4 5 |  5.3
Dodging        | 3 4 |  4.1

Action                   |  1- 3 |  4- 6 |  7- 9 || total
-------------------------+-------+-------+-------++-------
Melee: Hand axe          |    66 |   105 |     1 ||   172
       Headbutt          |     7 |    16 |     1 ||    24
Invok: Berserk           |     2 |     6 |     1 ||     9
  Use: Scroll            |       |     2 |     3 ||     5
  Eat: Chunk             |     1 |     3 |       ||     4
       Bread ration      |     1 |     1 |       ||     2
       Royal jelly       |       |     2 |       ||     2
       Meat ration       |       |       |     1 ||     1
Armor: Animal skin       |     6 |     4 |       ||    10
       Leather armour    |       |    16 |     4 ||    20
Dodge: Dodged            |    29 |    58 |     7 ||    94
